AoeStats
← Chris

African Clearing

506588486Analyzed
4v4 RM · 19d ago on Sep 14, 2026· 45m 14s· 8 players
Game mode
Random Map
Map size
Large (8 player)
Population
200
Speed
Normal
Resources
Standard
Victory
Conquest
Starting age
Dark Age
Ending age
Imperial Age
RankedLock teamsTeams togetherTeam positionsShared explorationLock speedFull tech treeHidden civsTurbo modeCheats
Victory
Defeat
🇻🇳 Shu · Vietnam
1470
+12
🇨🇳 Huns · China
1449
+13
🇹🇼 Italians · Taiwan
1379
+16
🇪🇸 Khmer · Spain
1289
+20
🇫🇮 Magyars · Finland
1392
-16
🇺🇸 Poles · United States
1390
-16
🇨🇦 Vietnamese · Canada
1379
-15
🇺🇸 Italians · United States
1358
-14
Chris
5:03 Loom
13:18 Feudal Age
13:32 Man-at-Arms
15:18 Horse Collar
15:55 Double-Bit Axe
17:11 Fletching
20:09 Town Watch
22:38 Padded Archer Armor
30:54 Gold Mining
35:25 Castle Age
38:10 Heavy Plow
38:27 Bow Saw
40:32 Scale Barding Armor
40:37 Forging
41:13 Szlachta Privileges
41:22 Bloodlines
41:13 Husbandry
42:21 Chain Barding Armor
42:38 Iron Casting
yo_ChuckDeezy
10:56 Loom
13:36 Feudal Age
17:58 Castle Age
16:13 Double-Bit Axe
17:09 Horse Collar
19:37 Bow Saw
22:05 Heavy Plow
26:24 Wheelbarrow
26:06 Stone Mining
27:21 Gold Mining
28:47 Stone Shaft Mining
28:50 Hand Cart
28:23 Town Watch
30:58 Thumb Ring
30:46 Fletching
32:05 Bodkin Arrow
32:11 Padded Archer Armor
33:18 Crossbowman
36:35 Imperial Age
34:48 Leather Archer Armor
37:01 Ballistics
38:16 Two-Man Saw
37:47 Crop Rotation
38:20 Chemistry
37:22 Bracer
37:52 Ring Archer Armor
37:54 Conscription
37:29 Elite Genoese Crossbowman
38:46 Hoardings
38:44 Arbalester
42:17 Murder Holes
42:33 Masonry
SometimesUnlucky
3:17 Loom
13:50 Feudal Age
15:00 Double-Bit Axe
20:10 Castle Age
20:12 Fletching
21:01 Bodkin Arrow
21:00 Crossbowman
25:57 Thumb Ring
27:17 Padded Archer Armor
35:51 Imperial Age
33:56 Stone Mining
37:32 Wheelbarrow
37:35 Bow Saw
37:37 Elite Skirmisher
40:32 Bracer
41:34 Ballistics
42:54 Leather Archer Armor
7777777
4:29 Loom
13:24 Feudal Age
20:15 Castle Age
19:47 Stone Mining
19:45 Double-Bit Axe
19:41 Horse Collar
20:31 Bloodlines
21:21 Light Cavalry
24:28 Town Watch
26:22 Husbandry
27:45 Gold Mining
34:38 Pikeman
39:40 Scale Mail Armor
Aspirante
9:52 Loom
12:35 Feudal Age
15:12 Forging
16:26 Horse Collar
16:38 Double-Bit Axe
18:53 Scale Barding Armor
25:57 Castle Age
26:50 Bloodlines
26:41 Husbandry
26:01 Light Cavalry
27:07 Chain Barding Armor
27:22 Iron Casting
35:37 Wheelbarrow
37:53 Gold Mining
39:06 Stone Mining
44:13 Imperial Age
45:45 Imperial Age
43 Đoàn Quốc Hưng
4:30 Loom
13:28 Feudal Age
17:27 Padded Archer Armor
17:17 Fletching
19:36 Town Watch
20:35 Padded Archer Armor
24:50 Castle Age
22:52 Double-Bit Axe
25:04 Crossbowman
25:40 Bodkin Arrow
31:37 Leather Archer Armor
37:26 Ballistics
40:28 Wheelbarrow
42:49 Bow Saw
42:19 Horse Collar
43:02 Gold Mining
44:02 Town Patrol
45:13 Heavy Plow
Mick...
7:33 Loom
14:44 Feudal Age
20:30 Castle Age
18:45 Double-Bit Axe
21:24 Fletching
23:17 Ballistics
26:29 Horse Collar
26:58 Bodkin Arrow
28:53 Fishing Lines
30:35 Gillnets
31:57 Heavy Plow
32:50 Bow Saw
32:35 Gold Mining
35:03 Wheelbarrow
35:14 Marauders
35:23 Scale Barding Armor
35:28 Forging
37:57 Imperial Age
36:01 Bloodlines
35:52 Husbandry
37:01 Chain Barding Armor
37:26 Gold Shaft Mining
37:39 Iron Casting
39:40 Plate Barding Armor
39:51 Hand Cart
41:08 Conscription
40:44 Elite Tarkan
46:53 Blast Furnace
LuLALa
3:44 Loom
14:13 Feudal Age
20:26 Fletching
22:37 Padded Archer Armor
26:07 Double-Bit Axe
30:07 Castle Age
31:04 Crossbowman
Connection lost

Rejoining the realm…

Still unreachable

The connection could not be restored.

Session expired

The server has moved on; the page needs a fresh start.